Match 38744181
Unlisted

Match 38744181
End
Construct Infanterie Kompanie
Grenadier Squad
Selects Breakthrough Battlegroup
Selects Assault Grenadiers
MG 42 Machine Gun Team
Grenadier Squad
Grenadier Squad
Infanterie Officer Quarters
Selects 2.5-tonne Cargo Truck
Selects Smoke Bombing Run
Medical Station
Grenadier Squad
2.5-tonne Cargo Truck
Construct Luftwaffe Kompanie
Selects Incendiary Bombing Run
Support Elements
2.5-tonne Cargo Truck
Wirbelwind Flakpanzer
wtflolyo
t987987588
Mael Radec
Aprosarmosto
KOR-KINOrz
MO
Kaban
xxSANDMANxx
0
0

Comments sign in to comment!

No comments posted yet!